Senators vs Mustangs
Created - November 6, 2017 at 19:17
Goals
|
| Senators |
1 |
2 |
1 |
4 |
| Mustangs |
2 |
2 |
2 |
6 |
|
Shots
|
| Senators |
7 |
12 |
8 |
27 |
| Mustangs |
16 |
8 |
10 |
34 |
|
1st period
1. Mustangs , Marcus Foligno 2 (Andrew Shaw 2, Rick Schofield 3) at 6:52
2. Senators , Gabriel Landeskog 5 (Logan Stephenson 7, Chris Thorburn 11) at 17:30
3. Mustangs , Riley Sheahan 10 (Eric Wellwood 10) at 19:04 (PP)
Penalties :
Marc-André Bernier (BIN) for Cross-checking (Minor) at 0:58, Keegan Lowe (BIN) for Hooking (Minor) at 10:19, Joe Finley (Ham) for Cross-checking (Minor) at 12:45, Tommy Wingels (BIN) for Roughing (Minor) at 18:54
2nd period
4. Mustangs , Andreas Athanasiou 2 (Curtis Hamilton 2, Jerome Samson 1) at 3:59
5. Mustangs , Joe Finley 1 (Eric Wellwood 11) at 9:08
6. Senators , Dylan Blujus 1 (Tomas Jurco 3, Gabriel Bourque 7) at 12:54
7. Senators , Gabriel Landeskog 6 (Tommy Wingels 7) at 16:46
Penalties :
Logan Stephenson (BIN) for Tripping (Minor) at 19:56
3rd period
8. Senators , Gabriel Bourque 8 (Nicolas Deslauriers 9) at 1:22 (SH)
9. Mustangs , Andrew Shaw 8 (Marcus Foligno 10) at 5:42 (PP)
10. Mustangs , Jerome Samson 1 (Curtis Hamilton 3, Derek Joslin 6) at 6:32
Penalties :
Gabriel Bourque (BIN) for High sticking (Minor) at 2:14, Gabriel Bourque (BIN) for Tripping (Minor) at 4:37, Gabriel Bourque (BIN) for Roughing (Minor) at 14:04, Scott Mayfield (Ham) for High sticking (Minor) at 17:32
Goalie Stats
Ben Bishop (BIN), 23 saves from 29 shots - (0.793), L, 1-2-1, 46:32 minutes
Brad Thiessen (BIN), 5 saves from 5 shots - (1.000), 13:28 minutes
Chet Pickard (Ham), 23 saves from 27 shots - (0.852), W, 1-0-1, 60:00 minutes
Players Stats for Senators
Player Name G A P +/- PIM S H SB GA TA FO MP PP MP PK MP
------------------------------------------------------------------------------------
Chandler Stephenson 0 0 0 0 0 0 0 0 0 0 1/1 2:24 0:00 2:21
Chris Thorburn 0 1 1 1 0 2 3 0 2 0 2/5 19:18 2:01 3:46
Dylan Blujus 1 0 1 1 0 1 3 1 0 0 0/0 22:47 1:59 5:05
Gabriel Bourque 1 1 2 0 6 4 2 1 0 0 0/0 12:45 0:00 1:45
Gabriel Landeskog 2 0 2 0 0 5 1 0 1 0 0/0 21:18 1:37 6:19
Keegan Lowe 0 0 0 0 2 0 1 2 0 0 0/0 11:11 0:00 0:18
Logan Stephenson 0 1 1 0 2 2 3 3 0 3 0/0 31:50 1:59 5:34
Marc-André Bernier 0 0 0 -1 2 0 0 0 1 0 0/0 10:35 0:00 0:00
Matt Frattin 0 0 0 0 0 3 0 0 1 0 0/0 14:02 1:55 0:00
Nick Bjugstad 0 0 0 0 0 0 1 0 0 0 11/23 15:26 2:01 0:00
Nicolas Deslauriers 0 1 1 0 0 0 0 2 1 2 0/0 25:48 1:59 4:10
Patrick Bordeleau 0 0 0 0 0 0 1 0 0 0 0/0 7:24 0:00 0:00
Patrick Wey 0 0 0 -1 0 4 0 3 0 0 0/0 28:37 1:59 7:13
Phil Di Giuseppe 0 0 0 0 0 0 0 0 0 0 0/0 0:41 0:21 0:00
Rocco Grimaldi 0 0 0 0 0 0 0 0 0 0 0/0 0:00 0:00 0:00
Ryan Dzingel 0 0 0 0 0 0 1 0 0 0 0/0 2:23 0:23 1:37
Sergei Kostitsyn 0 0 0 0 0 5 2 0 0 0 6/12 22:29 1:42 6:25
Shane Prince 0 0 0 0 0 0 1 1 0 0 0/4 7:24 0:00 0:00
Tomas Jurco 0 1 1 0 0 0 1 0 0 0 0/0 7:46 0:02 0:00
Tommy Wingels 0 1 1 0 2 0 0 0 0 0 2/9 13:58 1:52 0:00
Zemgus Girgensons 0 0 0 -1 0 1 0 0 0 0 2/10 10:37 0:00 0:07
Players Stats for Mustangs
Player Name G A P +/- PIM S H SB GA TA FO MP PP MP PK MP
------------------------------------------------------------------------------------
Alexei Marchenko 0 0 0 -1 0 2 1 1 0 0 0/0 21:40 3:59 1:39
Andreas Athanasiou 1 0 1 1 0 4 0 0 1 1 4/6 11:53 0:00 0:44
Andrew Shaw 1 1 2 -1 0 3 1 1 2 1 1/1 16:07 4:32 0:00
Curtis Hamilton 0 2 2 1 0 1 2 0 0 0 1/1 11:27 0:03 0:12
Denis Bodrov 0 0 0 -1 0 1 1 2 0 0 0/0 28:09 7:11 2:19
Derek Joslin 0 1 1 -1 0 2 3 3 0 1 0/0 28:09 7:11 2:19
Eric Wellwood 0 2 2 1 0 2 2 0 1 0 0/0 23:39 6:35 2:08
Francis Paré 0 0 0 -1 0 0 0 0 0 0 0/0 7:35 0:03 0:00
Jerome Samson 1 1 2 1 0 3 0 0 0 1 2/2 11:24 0:12 0:00
Joe Finley 1 0 1 2 2 1 0 1 0 0 0/0 10:19 0:00 0:00
Josh Jooris 0 0 0 1 0 1 1 0 0 0 1/3 21:13 6:26 0:00
Marcus Foligno 1 1 2 -1 0 3 0 0 1 0 1/2 17:46 4:32 1:38
Mark Pysyk 0 0 0 -1 0 3 1 2 0 0 0/0 21:40 3:59 1:39
Raphael Bussieres 0 0 0 -1 0 0 0 0 0 0 1/1 7:08 0:00 0:00
Rick Schofield 0 1 1 -1 0 2 2 1 0 0 5/8 16:47 4:32 1:00
Riley Nash 0 0 0 -1 0 2 2 0 0 0 1/1 7:08 0:00 0:00
Riley Sheahan 1 0 1 1 0 4 1 0 0 2 23/39 23:45 6:35 2:14
Scott Mayfield 0 0 0 2 2 0 1 0 0 0 0/0 10:11 0:00 0:00
3 Stars
1 - Gabriel Landeskog (BIN)
2 - Jerome Samson (Ham)
3 - Dylan Blujus (BIN)
Power Play
Senators - 0 on 2 Attempt(s) - 0.00%
Mustangs - 2 on 7 Attempt(s) - 28.57%
Penalty Kill
Senators - 5 on 7 Attempt(s) - 71.43%
- Score 1 goal in Penalty Kill
Mustangs - 2 on 2 Attempt(s) - 100.00%
- Score 0 goal in Penalty Kill
Team Stat
Senators - Hits : 20 - Faceoff Wins : 24 - Blocked Shots : 13 - Penalty Minutes : 14
Mustangs - Hits : 18 - Faceoff Wins : 40 - Blocked Shots : 11 - Penalty Minutes : 4
Official
Referees : Auger Stephane and Hasenfratz Mike
Linesman : Mark Wheler and David Brisebois
Game Notes
Brad Thiessen enters game at 6:32 of 3rd period
Finance
Level 1 -- Attendance: 1571 (78.55%) -- Ticket Income $62,840
Level 2 -- Attendance: 746 (74.60%) -- Ticket Income $14,920
Total Attendance: 2317 (77.23%)
Total Ticket Income: $77,760
Other Income: $3,888
Total Income: $81,648
Senators
5 vs 5 Forward
Center Left Wing Right Wing Time % Phy DF OF
1 Nick Bjugstad Sergei Kostitsyn Chris Thorburn 40 1 2 2
2 Tommy Wingels Gabriel Landeskog Matt Frattin 30 1 2 2
3 Zemgus Girgensons Gabriel Bourque Marc-André Bernier 20 1 2 2
4 Shane Prince Patrick Bordeleau Tomas Jurco 10 1 2 2
5 vs 5 Defense
Defense Defense Time % Phy DF OF
1 Logan Stephenson Patrick Wey 40 1 2 2
2 Nicolas Deslauriers Dylan Blujus 30 1 2 2
3 Keegan Lowe Logan Stephenson 20 1 2 2
4 Patrick Wey Nicolas Deslauriers 10 1 2 2
PowerPlay Forward
Center Left Wing Right Wing Time % Phy DF OF
1 Nick Bjugstad Sergei Kostitsyn Chris Thorburn 60 1 2 2
2 Tommy Wingels Gabriel Landeskog Matt Frattin 40 1 2 2
PowerPlay Defense
Defense Defense Time % Phy DF OF
1 Logan Stephenson Patrick Wey 60 1 2 2
2 Nicolas Deslauriers Dylan Blujus 40 1 2 2
Penalty Kill 4 Players Forward
Center Wing Time % Phy DF OF
1 Sergei Kostitsyn Gabriel Landeskog 60 1 2 2
2 Chris Thorburn Gabriel Bourque 40 1 2 2
Penalty Kill 4 Players Defense
Defense Defense Time % Phy DF OF
1 Logan Stephenson Patrick Wey 60 1 2 2
2 Nicolas Deslauriers Dylan Blujus 40 1 2 2
Penalty Kill - 3 Players Forward
Forward Time % Phy DF OF
1 Sergei Kostitsyn 60 1 2 2
2 Gabriel Landeskog 40 1 2 2
Penalty Kill - 3 Players Defense
Defense Defense Time % Phy DF OF
1 Logan Stephenson Patrick Wey 60 1 2 2
2 Nicolas Deslauriers Dylan Blujus 40 1 2 2
4 vs 4 Forward
Center Wing Time % Phy DF OF
1 Sergei Kostitsyn Gabriel Landeskog 60 1 2 2
2 Chris Thorburn Gabriel Bourque 40 1 2 2
4 vs 4 Defense
Defense Defense Time % Phy DF OF
1 Logan Stephenson Patrick Wey 60 1 2 2
2 Nicolas Deslauriers Dylan Blujus 40 1 2 2
Last Minutes Offensive
Center Left Wing Right Wing Defense Defense
Nick Bjugstad Sergei Kostitsyn Chris Thorburn Logan Stephenson Patrick Wey
Last Minutes Defensive
Center Left Wing Right Wing Defense Defense
Nick Bjugstad Sergei Kostitsyn Chris Thorburn Logan Stephenson Patrick Wey
Goaltenders
Starting : Ben Bishop
Backup : Brad Thiessen
Extra Forwards
Normal : Ryan Dzingel, Phil Di Giuseppe, Chandler Stephenson - PP : Ryan Dzingel, Phil Di Giuseppe - PK : Chandler Stephenson
Extra Defensemen
Normal : Keegan Lowe, Dylan Blujus, Logan Stephenson - PP : Keegan Lowe - PK : Dylan Blujus, Logan Stephenson
Penalty Shots
Sergei Kostitsyn, Gabriel Landeskog, Chris Thorburn, Gabriel Bourque, Nick Bjugstad
Scratches
Martin Marincin (Healthy), Jeff Petry (Healthy), Shane Sims (Sprained Left Finger Injury), Matt Tomkins (Healthy)
Mustangs
5 vs 5 Forward
Center Left Wing Right Wing Time % Phy DF OF
1 Riley Sheahan Eric Wellwood Josh Jooris 40 1 2 2
2 Rick Schofield Marcus Foligno Andrew Shaw 30 1 2 2
3 Andreas Athanasiou Curtis Hamilton Jerome Samson 20 1 2 2
4 Riley Nash Raphael Bussieres Francis Paré 10 1 2 2
5 vs 5 Defense
Defense Defense Time % Phy DF OF
1 Derek Joslin Denis Bodrov 40 1 2 2
2 Alexei Marchenko Mark Pysyk 30 1 2 2
3 Joe Finley Scott Mayfield 20 1 2 2
4 Derek Joslin Denis Bodrov 10 1 2 2
PowerPlay Forward
Center Left Wing Right Wing Time % Phy DF OF
1 Riley Sheahan Eric Wellwood Josh Jooris 60 1 2 2
2 Rick Schofield Marcus Foligno Andrew Shaw 40 1 2 2
PowerPlay Defense
Defense Defense Time % Phy DF OF
1 Derek Joslin Denis Bodrov 60 1 2 2
2 Alexei Marchenko Mark Pysyk 40 1 2 2
Penalty Kill 4 Players Forward
Center Wing Time % Phy DF OF
1 Riley Sheahan Eric Wellwood 60 1 2 2
2 Rick Schofield Marcus Foligno 40 1 2 2
Penalty Kill 4 Players Defense
Defense Defense Time % Phy DF OF
1 Derek Joslin Denis Bodrov 60 1 2 2
2 Alexei Marchenko Mark Pysyk 40 1 2 2
Penalty Kill - 3 Players Forward
Forward Time % Phy DF OF
1 Riley Sheahan 60 1 2 2
2 Rick Schofield 40 1 2 2
Penalty Kill - 3 Players Defense
Defense Defense Time % Phy DF OF
1 Derek Joslin Denis Bodrov 60 1 2 2
2 Alexei Marchenko Mark Pysyk 40 1 2 2
4 vs 4 Forward
Center Wing Time % Phy DF OF
1 Riley Sheahan Eric Wellwood 60 1 2 2
2 Rick Schofield Josh Jooris 40 1 2 2
4 vs 4 Defense
Defense Defense Time % Phy DF OF
1 Derek Joslin Denis Bodrov 60 1 2 2
2 Alexei Marchenko Mark Pysyk 40 1 2 2
Last Minutes Offensive
Center Left Wing Right Wing Defense Defense
Riley Sheahan Eric Wellwood Josh Jooris Derek Joslin Denis Bodrov
Last Minutes Defensive
Center Left Wing Right Wing Defense Defense
Riley Sheahan Eric Wellwood Josh Jooris Alexei Marchenko Derek Joslin
Goaltenders
Starting : Chet Pickard
Backup : Peter Mannino
Extra Forwards
Normal : Riley Sheahan, Andrew Shaw, Jerome Samson - PP : Jerome Samson, Andrew Shaw - PK : Eric Wellwood
Extra Defensemen
Normal : Denis Bodrov, Alexei Marchenko, Mark Pysyk - PP : Denis Bodrov - PK : Alexei Marchenko, Derek Joslin
Penalty Shots
Andreas Athanasiou, Rick Schofield, Eric Wellwood, Marcus Foligno, Josh Jooris
Scratches
Roman Horak (Healthy), Brady Skjei (Strained Back Injury), Joshua Leivo (Suspend), Dominik Uher (Healthy), Eric Knodel (Healthy)
Matthew Finn (Healthy), Danny Biega (Healthy), Jim O'Brien (Bruised Left Leg Injury), Sam Kurker (Healthy), Max Gortz (Healthy)
Cameron Gaunce (Fractured Orbital Bone Injury), Justin Peters (Healthy), Joacim Eriksson (Healthy)
% Time on Ice - Senators
Lines # - Real PCT - Wanted PCT - Time Play
Normal Forward
1 - 33% - 40% - 14:45
2 - 27% - 30% - 12:13
3 - 23% - 20% - 10:30
4 - 16% - 10% - 7:24
Normal Defense
1 - 34% - 40% - 15:09
2 - 33% - 30% - 14:57
3 - 23% - 20% - 10:22
4 - 10% - 10% - 4:24
PP Forward
1 - 52% - 60% - 2:03
2 - 48% - 40% - 1:55
PP Defense
1 - 50% - 60% - 1:59
2 - 50% - 40% - 1:59
PK Forward
1 - 66% - 60% - 7:24
2 - 34% - 40% - 3:46
PK Defense
1 - 65% - 60% - 7:13
2 - 35% - 40% - 3:57
PK3 Forward
1 - 0% - 60%
2 - 0% - 40%
PK3 Defense
1 - 0% - 60%
2 - 0% - 40%
44 Forward
1 - 0% - 60%
2 - 0% - 40%
44 Defense
1 - 0% - 60%
2 - 0% - 40%
Last Minute Offensive - 0:00
Last Minute Defensive - 0:00
Total
Forward - 60:00
Defense - 60:00
|
% Time on Ice - Mustangs
Lines # - Real PCT - Wanted PCT - Time Play
Normal Forward
1 - 35% - 40% - 15:41
2 - 25% - 30% - 11:15
3 - 24% - 20% - 10:48
4 - 16% - 10% - 7:08
Normal Defense
1 - 38% - 40% - 17:16
2 - 36% - 30% - 16:02
3 - 23% - 20% - 10:11
4 - 3% - 10% - 1:23
PP Forward
1 - 59% - 60% - 6:38
2 - 41% - 40% - 4:32
PP Defense
1 - 64% - 60% - 7:11
2 - 36% - 40% - 3:59
PK Forward
1 - 75% - 60% - 2:58
2 - 25% - 40% - 1:00
PK Defense
1 - 58% - 60% - 2:19
2 - 42% - 40% - 1:39
PK3 Forward
1 - 0% - 60%
2 - 0% - 40%
PK3 Defense
1 - 0% - 60%
2 - 0% - 40%
44 Forward
1 - 0% - 60%
2 - 0% - 40%
44 Defense
1 - 0% - 60%
2 - 0% - 40%
Last Minute Offensive - 0:00
Last Minute Defensive - 0:00
Total
Forward - 60:00
Defense - 60:00
|
Play by Play
1st period
0:01 of 1st period - Riley Sheahan wins face-off versus Nick Bjugstad in neutral zone.
0:34 of 1st period - Snap shot by Gabriel Landeskog.
0:34 of 1st period - Shot Misses the Net.
0:36 of 1st period - Slapshot by Patrick Wey.
0:36 of 1st period - Stopped by Chet Pickard without a rebound.
0:37 of 1st period - Andreas Athanasiou wins face-off versus Zemgus Girgensons in Mustangs zone.
0:46 of 1st period - Slapshot by Jerome Samson.
0:46 of 1st period - Stopped by Ben Bishop with a rebound.
0:48 of 1st period - Snap shot by Jerome Samson.
0:48 of 1st period - Stopped by Ben Bishop with a rebound.
0:50 of 1st period - Slapshot by Jerome Samson.
0:50 of 1st period - Shot Misses the Net.
0:58 of 1st period - Minor Penalty to Marc-André Bernier for Cross-checking.
0:59 of 1st period - Riley Sheahan wins face-off versus Sergei Kostitsyn in Senators zone.
1:50 of 1st period - Mark Pysyk is hit by Dylan Blujus.
2:03 of 1st period - Icing by Marcus Foligno.
2:04 of 1st period - Sergei Kostitsyn wins face-off versus Rick Schofield in Mustangs zone.
2:19 of 1st period - Wrist shot by Riley Sheahan.
2:19 of 1st period - Shot Blocked by Logan Stephenson.
2:58 of 1st period - Penalty to Marc-André Bernier is over, Marc-André Bernier is back on ice.
3:03 of 1st period - Slapshot by Andreas Athanasiou.
3:03 of 1st period - Stopped by Ben Bishop without a rebound.
3:04 of 1st period - Andreas Athanasiou wins face-off versus Shane Prince in Senators zone.
3:29 of 1st period - Rick Schofield is hit by Gabriel Bourque and loses puck.
4:05 of 1st period - Off-side.
4:06 of 1st period - Riley Nash wins face-off versus Tommy Wingels in neutral zone.
4:39 of 1st period - Slapshot by Riley Sheahan.
4:39 of 1st period - Stopped by Ben Bishop without a rebound.
4:40 of 1st period - Riley Sheahan wins face-off versus Tommy Wingels in Senators zone.
4:53 of 1st period - Snap shot by Riley Sheahan.
4:53 of 1st period - Stopped by Ben Bishop with a rebound.
5:22 of 1st period - Slapshot by Patrick Wey.
5:22 of 1st period - Stopped by Chet Pickard without a rebound.
5:23 of 1st period - Nick Bjugstad wins face-off versus Marcus Foligno in Mustangs zone.
5:34 of 1st period - Snap shot by Chris Thorburn.
5:34 of 1st period - Stopped by Chet Pickard with a rebound.
6:52 of 1st period - Wrist shot by Marcus Foligno.
6:52 of 1st period - Goal by Marcus Foligno - Senators : 0 - Mustangs : 1.
6:53 of 1st period - Nick Bjugstad wins face-off versus Riley Sheahan in neutral zone.
7:02 of 1st period - Eric Wellwood is hit by Sergei Kostitsyn and loses puck.
7:33 of 1st period - Wrist shot by Matt Frattin.
7:33 of 1st period - Stopped by Chet Pickard without a rebound.
7:34 of 1st period - Zemgus Girgensons wins face-off versus Rick Schofield in Mustangs zone.
7:41 of 1st period - Slapshot by Gabriel Bourque.
7:41 of 1st period - Shot Blocked by Rick Schofield.
7:43 of 1st period - Wrist shot by Zemgus Girgensons.
7:43 of 1st period - Shot Blocked by Andrew Shaw.
7:45 of 1st period - Slapshot by Zemgus Girgensons.
7:45 of 1st period - Shot Misses the Net.
7:47 of 1st period - Slapshot by Nicolas Deslauriers.
7:47 of 1st period - Shot Misses the Net.
7:49 of 1st period - Snap shot by Gabriel Bourque.
7:49 of 1st period - Stopped by Chet Pickard with a rebound.
7:59 of 1st period - Marcus Foligno is hit by Dylan Blujus.
8:03 of 1st period - Wrist shot by Andrew Shaw.
8:03 of 1st period - Stopped by Ben Bishop without a rebound.
8:04 of 1st period - Riley Sheahan wins face-off versus Tommy Wingels in Senators zone.
8:36 of 1st period - Wrist shot by Curtis Hamilton.
8:36 of 1st period - Stopped by Ben Bishop with a rebound.
8:54 of 1st period - Snap shot by Sergei Kostitsyn.
8:54 of 1st period - Shot Misses the Net.
8:56 of 1st period - Slapshot by Patrick Wey.
8:56 of 1st period - Deflect By Gabriel Bourque.
8:56 of 1st period - Shot Misses the Net.
8:56 of 1st period - Puck is out of play.
8:57 of 1st period - Riley Sheahan wins face-off versus Zemgus Girgensons in Mustangs zone.
9:12 of 1st period - Slapshot by Eric Wellwood.
9:12 of 1st period - Shot Misses the Net.
9:29 of 1st period - Slapshot by Chris Thorburn.
9:29 of 1st period - Shot Misses the Net.
9:47 of 1st period - Slapshot by Denis Bodrov.
9:47 of 1st period - Shot Blocked by Logan Stephenson.
9:49 of 1st period - Wrist shot by Andreas Athanasiou.
9:49 of 1st period - Stopped by Ben Bishop with a rebound.
9:51 of 1st period - Slapshot by Derek Joslin.
9:51 of 1st period - Stopped by Ben Bishop with a rebound.
9:53 of 1st period - Slapshot by Denis Bodrov.
9:53 of 1st period - Stopped by Ben Bishop with a rebound.
10:19 of 1st period - Minor Penalty to Keegan Lowe for Hooking.
10:20 of 1st period - Riley Sheahan wins face-off versus Sergei Kostitsyn in Senators zone.
10:21 of 1st period - Snap shot by Eric Wellwood.
10:21 of 1st period - Shot Blocked by Nicolas Deslauriers.
10:23 of 1st period - Snap shot by Riley Sheahan.
10:23 of 1st period - Shot Hit the Post.
10:25 of 1st period - Wrist shot by Eric Wellwood.
10:25 of 1st period - Shot Misses the Net.
10:33 of 1st period - Wrist shot by Eric Wellwood.
10:33 of 1st period - Stopped by Ben Bishop with a rebound.
11:40 of 1st period - Andrew Shaw is hit by Ryan Dzingel and loses puck.
12:19 of 1st period - Penalty to Keegan Lowe is over, Keegan Lowe is back on ice.
12:20 of 1st period - Rick Schofield is hit by Sergei Kostitsyn.
12:45 of 1st period - Minor Penalty to Joe Finley for Cross-checking.
12:46 of 1st period - Nick Bjugstad wins face-off versus Riley Sheahan in Mustangs zone.
13:47 of 1st period - Off-side.
13:48 of 1st period - Rick Schofield wins face-off versus Nick Bjugstad in neutral zone.
13:57 of 1st period - Wrist shot by Marcus Foligno.
13:57 of 1st period - Shot Misses the Net.
13:59 of 1st period - Wrist shot by Alexei Marchenko.
13:59 of 1st period - Deflect By Chris Thorburn.
13:59 of 1st period - Stopped by Ben Bishop without a rebound.
14:00 of 1st period - Riley Sheahan wins face-off versus Tommy Wingels in Senators zone.
14:31 of 1st period - Rick Schofield is hit by Logan Stephenson and loses puck.
14:45 of 1st period - Penalty to Joe Finley is over, Joe Finley is back on ice.
15:17 of 1st period - Logan Stephenson is hit by Riley Nash and loses puck.
16:18 of 1st period - Tommy Wingels is hit by Riley Sheahan.
17:10 of 1st period - Snap shot by Rick Schofield.
17:10 of 1st period - Stopped by Ben Bishop with a rebound.
17:26 of 1st period - Slapshot by Logan Stephenson.
17:26 of 1st period - Shot Blocked by Mark Pysyk.
17:28 of 1st period - Slapshot by Logan Stephenson.
17:28 of 1st period - Stopped by Chet Pickard with a rebound.
17:30 of 1st period - Wrist shot by Gabriel Landeskog.
17:30 of 1st period - Goal by Gabriel Landeskog - Senators : 1 - Mustangs : 1.
17:31 of 1st period - Nick Bjugstad wins face-off versus Riley Sheahan in neutral zone.
17:45 of 1st period - Off-side.
17:46 of 1st period - Rick Schofield wins face-off versus Tommy Wingels in neutral zone.
18:11 of 1st period - Matt Frattin is hit by Derek Joslin and loses puck.
18:54 of 1st period - Minor Penalty to Tommy Wingels for Roughing.
18:55 of 1st period - Chandler Stephenson wins face-off versus Riley Sheahan in Senators zone.
19:04 of 1st period - Slapshot by Riley Sheahan.
19:04 of 1st period - Goal by Riley Sheahan - Senators : 1 - Mustangs : 2.
19:05 of 1st period - Nick Bjugstad wins face-off versus Riley Sheahan in neutral zone.
19:16 of 1st period - Slapshot by Chris Thorburn.
19:16 of 1st period - Shot Misses the Net.
19:30 of 1st period - Logan Stephenson is hit by Denis Bodrov and loses puck.
19:39 of 1st period - Slapshot by Jerome Samson.
19:39 of 1st period - Shot Blocked by Logan Stephenson.
19:41 of 1st period - Slapshot by Alexei Marchenko.
19:41 of 1st period - Stopped by Ben Bishop with a rebound.
Goals for this period are 1 for Senators vs 2 for Mustangs.
Shots for this period are 7 for Senators vs 16 for Mustangs.
2nd period
0:01 of 2nd period - Nick Bjugstad wins face-off versus Josh Jooris in neutral zone.
0:44 of 2nd period - Off-side.
0:45 of 2nd period - Andreas Athanasiou wins face-off versus Zemgus Girgensons in neutral zone.
2:17 of 2nd period - Slapshot by Matt Frattin.
2:17 of 2nd period - Shot Blocked by Denis Bodrov.
2:22 of 2nd period - Off-side.
2:23 of 2nd period - Riley Sheahan wins face-off versus Shane Prince in neutral zone.
2:44 of 2nd period - Josh Jooris is hit by Tomas Jurco and loses puck.
3:00 of 2nd period - Wrist shot by Matt Frattin.
3:00 of 2nd period - Stopped by Chet Pickard with a rebound.
3:57 of 2nd period - Slapshot by Curtis Hamilton.
3:57 of 2nd period - Shot Blocked by Shane Prince.
3:59 of 2nd period - Backhand shot by Andreas Athanasiou.
3:59 of 2nd period - Goal by Andreas Athanasiou - Senators : 1 - Mustangs : 3.
4:00 of 2nd period - Rick Schofield wins face-off versus Nick Bjugstad in neutral zone.
4:15 of 2nd period - Snap shot by Andrew Shaw.
4:15 of 2nd period - Shot Misses the Net.
4:27 of 2nd period - Derek Joslin is hit by Gabriel Landeskog and loses puck.
4:34 of 2nd period - Wrist shot by Gabriel Landeskog.
4:34 of 2nd period - Shot Blocked by Derek Joslin.
4:36 of 2nd period - Snap shot by Matt Frattin.
4:36 of 2nd period - Stopped by Chet Pickard without a rebound.
4:37 of 2nd period - Riley Sheahan wins face-off versus Nick Bjugstad in Mustangs zone.
5:27 of 2nd period - Derek Joslin is hit by Shane Prince and loses puck.
5:44 of 2nd period - Denis Bodrov is hit by Gabriel Bourque and loses puck.
6:13 of 2nd period - Snap shot by Sergei Kostitsyn.
6:13 of 2nd period - Stopped by Chet Pickard with a rebound.
6:47 of 2nd period - Slapshot by Denis Bodrov.
6:47 of 2nd period - Shot Misses the Net.
7:09 of 2nd period - Snap shot by Nick Bjugstad.
7:09 of 2nd period - Deflect By Chris Thorburn.
7:09 of 2nd period - Deflect By Derek Joslin.
7:09 of 2nd period - Stopped by Chet Pickard with a rebound.
7:11 of 2nd period - Snap shot by Sergei Kostitsyn.
7:11 of 2nd period - Shot Blocked by Denis Bodrov.
7:29 of 2nd period - Snap shot by Josh Jooris.
7:29 of 2nd period - Shot Misses the Net.
7:31 of 2nd period - Slapshot by Derek Joslin.
7:31 of 2nd period - Stopped by Ben Bishop without a rebound.
7:32 of 2nd period - Josh Jooris wins face-off versus Tommy Wingels in Senators zone.
7:39 of 2nd period - Slapshot by Josh Jooris.
7:39 of 2nd period - Stopped by Ben Bishop with a rebound.
7:45 of 2nd period - Josh Jooris is hit by Keegan Lowe and loses puck.
8:00 of 2nd period - Alexei Marchenko is hit by Chris Thorburn and loses puck.
8:09 of 2nd period - Wrist shot by Andrew Shaw.
8:09 of 2nd period - Shot Misses the Net.
8:23 of 2nd period - Snap shot by Jerome Samson.
8:23 of 2nd period - Shot Blocked by Gabriel Bourque.
8:45 of 2nd period - Slapshot by Logan Stephenson.
8:45 of 2nd period - Stopped by Chet Pickard with a rebound.
9:08 of 2nd period - Slapshot by Joe Finley.
9:08 of 2nd period - Goal by Joe Finley - Senators : 1 - Mustangs : 4.
9:09 of 2nd period - Riley Sheahan wins face-off versus Nick Bjugstad in neutral zone.
10:02 of 2nd period - Backhand shot by Patrick Wey.
10:02 of 2nd period - Deflect By Patrick Bordeleau.
10:02 of 2nd period - Shot Misses the Net.
10:02 of 2nd period - Puck is out of play.
10:03 of 2nd period - Riley Sheahan wins face-off versus Shane Prince in Mustangs zone.
10:43 of 2nd period - Sergei Kostitsyn is hit by Rick Schofield.
10:53 of 2nd period - Backhand shot by Gabriel Bourque.
10:53 of 2nd period - Deflect By Zemgus Girgensons.
10:53 of 2nd period - Stopped by Chet Pickard with a rebound.
10:55 of 2nd period - Snap shot by Dylan Blujus.
10:55 of 2nd period - Deflect By Gabriel Bourque.
10:55 of 2nd period - Stopped by Chet Pickard without a rebound.
10:56 of 2nd period - Zemgus Girgensons wins face-off versus Josh Jooris in Mustangs zone.
11:24 of 2nd period - Icing by Sergei Kostitsyn.
11:25 of 2nd period - Nick Bjugstad wins face-off versus Andreas Athanasiou in Senators zone.
11:36 of 2nd period - Snap shot by Sergei Kostitsyn.
11:36 of 2nd period - Stopped by Chet Pickard without a rebound.
11:37 of 2nd period - Nick Bjugstad wins face-off versus Riley Sheahan in Mustangs zone.
11:44 of 2nd period - Sergei Kostitsyn is hit by Eric Wellwood and loses puck.
12:33 of 2nd period - Zemgus Girgensons is hit by Alexei Marchenko and loses puck.
12:52 of 2nd period - Snap shot by Tomas Jurco.
12:52 of 2nd period - Shot Misses the Net.
12:54 of 2nd period - Slapshot by Dylan Blujus.
12:54 of 2nd period - Goal by Dylan Blujus - Senators : 2 - Mustangs : 4.
12:55 of 2nd period - Riley Sheahan wins face-off versus Nick Bjugstad in neutral zone.
13:00 of 2nd period - Snap shot by Eric Wellwood.
13:00 of 2nd period - Stopped by Ben Bishop with a rebound.
13:08 of 2nd period - Wrist shot by Sergei Kostitsyn.
13:08 of 2nd period - Shot Misses the Net.
13:10 of 2nd period - Wrist shot by Sergei Kostitsyn.
13:10 of 2nd period - Stopped by Chet Pickard with a rebound.
14:01 of 2nd period - Logan Stephenson is hit by Riley Nash and loses puck.
14:14 of 2nd period - Slapshot by Derek Joslin.
14:14 of 2nd period - Shot Blocked by Keegan Lowe.
14:34 of 2nd period - Snap shot by Riley Sheahan.
14:34 of 2nd period - Shot Blocked by Keegan Lowe.
14:46 of 2nd period - Snap shot by Mark Pysyk.
14:46 of 2nd period - Shot Misses the Net.
15:06 of 2nd period - Snap shot by Mark Pysyk.
15:06 of 2nd period - Deflect By Nicolas Deslauriers.
15:06 of 2nd period - Stopped by Ben Bishop without a rebound.
15:07 of 2nd period - Curtis Hamilton wins face-off versus Zemgus Girgensons in Senators zone.
15:08 of 2nd period - Wrist shot by Jerome Samson.
15:08 of 2nd period - Shot Misses the Net.
15:10 of 2nd period - Snap shot by Andreas Athanasiou.
15:10 of 2nd period - Shot Blocked by Patrick Wey.
15:14 of 2nd period - Wrist shot by Jerome Samson.
15:14 of 2nd period - Shot Misses the Net.
15:16 of 2nd period - Snap shot by Jerome Samson.
15:16 of 2nd period - Shot Blocked by Patrick Wey.
15:34 of 2nd period - Eric Wellwood is hit by Chris Thorburn.
15:41 of 2nd period - Snap shot by Riley Sheahan.
15:41 of 2nd period - Stopped by Ben Bishop without a rebound.
15:42 of 2nd period - Marcus Foligno wins face-off versus Tommy Wingels in Senators zone.
15:51 of 2nd period - Gabriel Landeskog is hit by Andrew Shaw and loses puck.
16:16 of 2nd period - Off-side.
16:17 of 2nd period - Riley Sheahan wins face-off versus Nick Bjugstad in neutral zone.
16:46 of 2nd period - Slapshot by Gabriel Landeskog.
16:46 of 2nd period - Goal by Gabriel Landeskog - Senators : 3 - Mustangs : 4.
16:47 of 2nd period - Nick Bjugstad wins face-off versus Riley Sheahan in neutral zone.
17:55 of 2nd period - Slapshot by Logan Stephenson.
17:55 of 2nd period - Shot Blocked by Alexei Marchenko.
18:05 of 2nd period - Raphael Bussieres is hit by Patrick Bordeleau and loses puck.
18:22 of 2nd period - Slapshot by Mark Pysyk.
18:22 of 2nd period - Deflect By Sergei Kostitsyn.
18:22 of 2nd period - Stopped by Ben Bishop with a rebound.
19:07 of 2nd period - Wrist shot by Mark Pysyk.
19:07 of 2nd period - Shot Blocked by Nicolas Deslauriers.
19:36 of 2nd period - Icing by Curtis Hamilton.
19:37 of 2nd period - Nick Bjugstad wins face-off versus Riley Sheahan in Mustangs zone.
19:38 of 2nd period - Snap shot by Sergei Kostitsyn.
19:38 of 2nd period - Shot Misses the Net.
19:40 of 2nd period - Snap shot by Sergei Kostitsyn.
19:40 of 2nd period - Stopped by Chet Pickard without a rebound.
19:41 of 2nd period - Riley Sheahan wins face-off versus Nick Bjugstad in Mustangs zone.
19:41 of 2nd period - Riley Sheahan is hit by Nick Bjugstad.
19:56 of 2nd period - Minor Penalty to Logan Stephenson for Tripping.
19:57 of 2nd period - Riley Sheahan wins face-off versus Sergei Kostitsyn in Senators zone.
Goals for this period are 2 for Senators vs 2 for Mustangs.
Shots for this period are 12 for Senators vs 8 for Mustangs.
3rd period
0:01 of 3rd period - Sergei Kostitsyn wins face-off versus Riley Sheahan in neutral zone.
0:04 of 3rd period - Snap shot by Sergei Kostitsyn.
0:04 of 3rd period - Stopped by Chet Pickard without a rebound.
0:05 of 3rd period - Sergei Kostitsyn wins face-off versus Riley Sheahan in Mustangs zone.
0:06 of 3rd period - Slapshot by Gabriel Landeskog.
0:06 of 3rd period - Shot Misses the Net.
0:44 of 3rd period - Snap shot by Marcus Foligno.
0:44 of 3rd period - Stopped by Ben Bishop without a rebound.
0:45 of 3rd period - Rick Schofield wins face-off versus Chris Thorburn in Senators zone.
0:46 of 3rd period - Slapshot by Marcus Foligno.
0:46 of 3rd period - Stopped by Ben Bishop with a rebound.
0:48 of 3rd period - Snap shot by Alexei Marchenko.
0:48 of 3rd period - Deflect By Marcus Foligno.
0:48 of 3rd period - Shot Misses the Net.
0:48 of 3rd period - Puck is out of play.
0:49 of 3rd period - Riley Sheahan wins face-off versus Sergei Kostitsyn in Senators zone.
1:22 of 3rd period - Slapshot by Gabriel Bourque.
1:22 of 3rd period - Goal by Gabriel Bourque - Senators : 4 - Mustangs : 4.
1:23 of 3rd period - Sergei Kostitsyn wins face-off versus Riley Sheahan in neutral zone.
1:28 of 3rd period - Slapshot by Patrick Wey.
1:28 of 3rd period - Deflect By Derek Joslin.
1:28 of 3rd period - Stopped by Chet Pickard with a rebound.
1:38 of 3rd period - Gabriel Landeskog is hit by Derek Joslin and loses puck.
1:49 of 3rd period - Dylan Blujus is hit by Derek Joslin and loses puck.
1:54 of 3rd period - Snap shot by Rick Schofield.
1:54 of 3rd period - Stopped by Ben Bishop without a rebound.
1:55 of 3rd period - Sergei Kostitsyn wins face-off versus Rick Schofield in Senators zone.
1:56 of 3rd period - Penalty to Logan Stephenson is over, Logan Stephenson is back on ice.
2:01 of 3rd period - Off-side.
2:02 of 3rd period - Riley Sheahan wins face-off versus Zemgus Girgensons in neutral zone.
2:14 of 3rd period - Minor Penalty to Gabriel Bourque for High sticking.
2:15 of 3rd period - Sergei Kostitsyn wins face-off versus Riley Sheahan in Senators zone.
2:50 of 3rd period - Wrist shot by Rick Schofield.
2:50 of 3rd period - Shot Misses the Net.
3:10 of 3rd period - Dylan Blujus is hit by Eric Wellwood and loses puck.
3:33 of 3rd period - Riley Sheahan is hit by Logan Stephenson and loses puck.
3:52 of 3rd period - Derek Joslin is hit by Logan Stephenson and loses puck.
4:14 of 3rd period - Penalty to Gabriel Bourque is over, Gabriel Bourque is back on ice.
4:24 of 3rd period - Gabriel Landeskog is hit by Curtis Hamilton and loses puck.
4:37 of 3rd period - Minor Penalty to Gabriel Bourque for Tripping.
4:38 of 3rd period - Riley Sheahan wins face-off versus Chris Thorburn in Senators zone.
4:45 of 3rd period - Icing by Josh Jooris.
4:46 of 3rd period - Chris Thorburn wins face-off versus Riley Sheahan in Mustangs zone.
4:47 of 3rd period - Slapshot by Patrick Wey.
4:47 of 3rd period - Stopped by Chet Pickard without a rebound.
4:48 of 3rd period - Chris Thorburn wins face-off versus Riley Sheahan in Mustangs zone.
4:49 of 3rd period - Slapshot by Patrick Wey.
4:49 of 3rd period - Shot Misses the Net.
4:55 of 3rd period - Josh Jooris is hit by Chris Thorburn and loses puck.
5:02 of 3rd period - Snap shot by Derek Joslin.
5:02 of 3rd period - Deflect By Eric Wellwood.
5:02 of 3rd period - Shot Blocked by Patrick Wey.
5:02 of 3rd period - Puck is out of play.
5:03 of 3rd period - Riley Sheahan wins face-off versus Sergei Kostitsyn in Senators zone.
5:12 of 3rd period - Logan Stephenson is hit by Josh Jooris and loses puck.
5:34 of 3rd period - Off-side.
5:35 of 3rd period - Andrew Shaw wins face-off versus Chris Thorburn in neutral zone.
5:42 of 3rd period - Slapshot by Andrew Shaw.
5:42 of 3rd period - Goal by Andrew Shaw - Senators : 4 - Mustangs : 5.
5:43 of 3rd period - Nick Bjugstad wins face-off versus Riley Sheahan in neutral zone.
5:52 of 3rd period - Snap shot by Chris Thorburn.
5:52 of 3rd period - Shot Misses the Net.
6:28 of 3rd period - Backhand shot by Derek Joslin.
6:28 of 3rd period - Shot Misses the Net.
6:30 of 3rd period - Backhand shot by Derek Joslin.
6:30 of 3rd period - Shot Blocked by Dylan Blujus.
6:32 of 3rd period - Snap shot by Curtis Hamilton.
6:32 of 3rd period - Deflect By Jerome Samson.
6:32 of 3rd period - Goal by Jerome Samson - Senators : 4 - Mustangs : 6.
6:32 of 3rd period - Brad Thiessen enters game.
6:33 of 3rd period - Riley Sheahan wins face-off versus Nick Bjugstad in neutral zone.
7:07 of 3rd period - Snap shot by Andrew Shaw.
7:07 of 3rd period - Stopped by Brad Thiessen with a rebound.
7:41 of 3rd period - Wrist shot by Francis Paré.
7:41 of 3rd period - Shot Misses the Net.
7:59 of 3rd period - Riley Sheahan is hit by Dylan Blujus.
8:29 of 3rd period - Snap shot by Andrew Shaw.
8:29 of 3rd period - Shot Misses the Net.
8:45 of 3rd period - Slapshot by Gabriel Bourque.
8:45 of 3rd period - Stopped by Chet Pickard with a rebound.
9:09 of 3rd period - Icing by Raphael Bussieres.
9:10 of 3rd period - Raphael Bussieres wins face-off versus Shane Prince in Mustangs zone.
10:04 of 3rd period - Snap shot by Riley Nash.
10:04 of 3rd period - Stopped by Brad Thiessen with a rebound.
10:06 of 3rd period - Wrist shot by Riley Nash.
10:06 of 3rd period - Stopped by Brad Thiessen with a rebound.
10:08 of 3rd period - Slapshot by Mark Pysyk.
10:08 of 3rd period - Shot Misses the Net.
10:10 of 3rd period - Slapshot by Mark Pysyk.
10:10 of 3rd period - Shot Misses the Net.
10:24 of 3rd period - Slapshot by Mark Pysyk.
10:24 of 3rd period - Stopped by Brad Thiessen without a rebound.
10:25 of 3rd period - Riley Sheahan wins face-off versus Nick Bjugstad in Senators zone.
11:52 of 3rd period - Snap shot by Marcus Foligno.
11:52 of 3rd period - Shot Misses the Net.
13:04 of 3rd period - Off-side.
13:05 of 3rd period - Rick Schofield wins face-off versus Nick Bjugstad in neutral zone.
13:30 of 3rd period - Tommy Wingels is hit by Scott Mayfield and loses puck.
13:49 of 3rd period - Logan Stephenson is hit by Curtis Hamilton and loses puck.
14:04 of 3rd period - Minor Penalty to Gabriel Bourque for Roughing.
14:05 of 3rd period - Riley Sheahan wins face-off versus Sergei Kostitsyn in Senators zone.
14:30 of 3rd period - Gabriel Landeskog is hit by Rick Schofield and loses puck.
14:51 of 3rd period - Wrist shot by Chris Thorburn.
14:51 of 3rd period - Shot Blocked by Mark Pysyk.
16:04 of 3rd period - Penalty to Gabriel Bourque is over, Gabriel Bourque is back on ice.
16:12 of 3rd period - Marc-André Bernier is hit by Mark Pysyk and loses puck.
16:21 of 3rd period - Slapshot by Francis Paré.
16:21 of 3rd period - Shot Misses the Net.
16:35 of 3rd period - Snap shot by Tommy Wingels.
16:35 of 3rd period - Shot Misses the Net.
16:37 of 3rd period - Snap shot by Matt Frattin.
16:37 of 3rd period - Deflect By Gabriel Landeskog.
16:37 of 3rd period - Stopped by Chet Pickard without a rebound.
16:38 of 3rd period - Tommy Wingels wins face-off versus Andreas Athanasiou in Mustangs zone.
16:41 of 3rd period - Snap shot by Matt Frattin.
16:41 of 3rd period - Deflect By Tommy Wingels.
16:41 of 3rd period - Shot Blocked by Derek Joslin.
16:41 of 3rd period - Puck is out of play.
16:42 of 3rd period - Jerome Samson wins face-off versus Zemgus Girgensons in Mustangs zone.
16:52 of 3rd period - Off-side.
16:53 of 3rd period - Andreas Athanasiou wins face-off versus Zemgus Girgensons in neutral zone.
16:55 of 3rd period - Off-side.
16:56 of 3rd period - Jerome Samson wins face-off versus Zemgus Girgensons in neutral zone.
16:59 of 3rd period - Snap shot by Derek Joslin.
16:59 of 3rd period - Deflect By Andreas Athanasiou.
16:59 of 3rd period - Stopped by Brad Thiessen with a rebound.
17:09 of 3rd period - Snap shot by Gabriel Bourque.
17:09 of 3rd period - Shot Blocked by Derek Joslin.
17:21 of 3rd period - Wrist shot by Gabriel Landeskog.
17:21 of 3rd period - Stopped by Chet Pickard without a rebound.
17:22 of 3rd period - Tommy Wingels wins face-off versus Riley Sheahan in Mustangs zone.
17:23 of 3rd period - Backhand shot by Gabriel Landeskog.
17:23 of 3rd period - Shot Misses the Net.
17:25 of 3rd period - Slapshot by Nicolas Deslauriers.
17:25 of 3rd period - Shot Blocked by Joe Finley.
17:27 of 3rd period - Slapshot by Gabriel Landeskog.
17:27 of 3rd period - Stopped by Chet Pickard with a rebound.
17:32 of 3rd period - Minor Penalty to Scott Mayfield for High sticking.
17:33 of 3rd period - Riley Sheahan wins face-off versus Nick Bjugstad in Mustangs zone.
19:32 of 3rd period - Penalty to Scott Mayfield is over, Scott Mayfield is back on ice.
Goals for this period are 1 for Senators vs 2 for Mustangs.
Shots for this period are 8 for Senators vs 10 for Mustangs.
Back to the Top